AoeStats
← Warcanoe

Highland

504995186Analyzed
2v2 RM · 26d ago on Sep 7, 2026· 38m 1s· 4 players
Game mode
Random Map
Map size
Medium (4 player)
Population
200
Speed
Normal
Resources
Standard
Victory
Conquest
Starting age
Dark Age
Ending age
Imperial Age
RankedLock teamsTeams togetherTeam positionsShared explorationLock speedFull tech treeHidden civsTurbo modeCheats
Victory
Defeat
🇦🇷 Bengalis · Argentina
1269
+13
🇨🇳 Celts · China
1238
+14
🇨🇭 Japanese · Switzerland
1248
-15
🇳🇱 Byzantines · Netherlands
1161
-12
Warcanoe
0:28 Loom
3:02 Loom
9:44 Feudal Age
19:14 Wheelbarrow
19:02 Horse Collar
24:02 Castle Age
22:11 Double-Bit Axe
22:30 Gold Mining
23:10 Fletching
23:21 Padded Archer Armor
23:22 Scale Mail Armor
24:17 Crossbowman
25:13 Thumb Ring
26:17 Bow Saw
28:16 Heavy Plow
30:07 Ballistics
29:52 Bodkin Arrow
32:04 Scale Mail Armor
32:32 Forging
32:39 Leather Archer Armor
33:22 Stone Mining
34:20 Chain Mail Armor
CaptainCarrot
10:29 Feudal Age
15:08 Castle Age
13:40 Double-Bit Axe
14:22 Stone Mining
16:06 Scale Barding Armor
16:42 Loom
23:06 Chain Barding Armor
24:15 Forging
25:31 Iron Casting
25:48 Husbandry
25:49 Horse Collar
28:24 Fletching
30:38 Wheelbarrow
33:19 Imperial Age
31:51 Scale Mail Armor
33:26 Padded Archer Armor
34:42 Bodkin Arrow
35:01 Crossbowman
35:43 Demolition Ship
37:27 Ballistics
37:41 Thumb Ring
勇敢牛牛
6:59 Loom
9:10 Feudal Age
9:45 Double-Bit Axe
13:45 Horse Collar
18:57 Castle Age
20:16 Bow Saw
22:06 Heavy Plow
22:43 Wheelbarrow
24:58 Hand Cart
25:53 Town Watch
30:21 Imperial Age
30:47 Caravan
30:37 Heavy Scorpion
31:54 Conscription
31:45 Furor Celtica
33:06 Chemistry
32:26 Ballistics
32:36 Stronghold
32:29 Cavalier
33:09 Husbandry
33:05 Gold Mining
33:06 Stone Mining
34:14 Scale Barding Armor
34:20 Forging
35:39 Chain Barding Armor
37:32 Iron Casting
37:21 Paladin
ICAC
8:35 Loom
10:55 Feudal Age
15:13 Castle Age
14:52 Horse Collar
16:34 Double-Bit Axe
25:39 Stone Mining
29:03 Imperial Age
27:02 Fortified Wall
30:53 Elite Ratha (Ranged)
31:33 Gold Mining
32:20 Conscription
32:03 Padded Archer Armor
33:39 Gold Shaft Mining
33:31 Bow Saw
33:23 Heavy Plow
33:26 Fletching
34:29 Bodkin Arrow
34:50 Leather Archer Armor
35:53 Bracer
37:13 Ring Archer Armor
37:05 Ballistics
36:27 Treadmill Crane
38:06 Crop Rotation
39:22 Chemistry
Connection lost

Rejoining the realm…

Still unreachable

The connection could not be restored.

Session expired

The server has moved on; the page needs a fresh start.